 Dungeon Crawl Stone Soup version 0.28-a0-1312-g71652a0310 (webtiles) character file.

Game seed: 4876461317786150270

354 bande the Covered (level 6, 0/39 HPs)
             Began as a Gargoyle Fighter on Dec 28, 2021.
             Slain by a gnoll sergeant (5 damage)
             ... on level 5 of the Dungeon.
             The game lasted 00:07:52 (4301 turns).

bande the Covered (Gargoyle Fighter)                Turns: 4301, Time: 00:07:53

Health: 0/39       AC: 14    Str: 19    XL:     6   Next: 63%
Magic:  6/6        EV:  9    Int:  9    God:
Gold:   179        SH:  4    Dex: 11    Spells: 5/5 levels left

rFire   . . .      SeeInvis .   a - +0 war axe
rCold   . . .      Faith    .   c - +0 buckler
rNeg    + . .      Spirit   .   b - +0 scale mail
rPois   ∞          Reflect  .   (no helmet)
rElec   +          Harm     .   k - +0 cloak
rCorr   .          Rampage  .   i - +0 pair of gloves
Will    .....                   (no boots)
Stlth   ..........              h - amulet of regeneration
HPRegen 0.93/turn               (no ring)
MPRegen 0.10/turn               (no ring)

@: no status effects
A: sickness immunity, AC +4, negative energy resistance 1, electricity
resistance, torment resistance 1, petrification resistance
a: no special abilities


You were on level 5 of the Dungeon.
You visited 1 branch of the dungeon, and saw 5 of its levels.

You collected 179 gold pieces.

Inventory:

Hand Weapons
 a - a +0 war axe (weapon)
 l - a +2 flail of holy wrath
Armour
 b - a +0 scale mail (worn)
 c - a +0 buckler (worn)
 i - a +0 pair of gloves (worn)
 k - a +0 cloak (worn)
Jewellery
 h - an amulet of regeneration (around neck)
 o - a ring of wizardry
Scrolls
 j - 2 scrolls of blinking
Potions
 d - a potion of might
 e - 2 potions of brilliance
 f - 2 potions of curing
 g - 2 potions of cancellation
 m - a potion of flight {unknown}
 n - a potion of invisibility {unknown}


   Skills:
 + Level 4.4 Fighting
 + Level 4.2 Axes
 + Level 5.1 Armour
 + Level 0.2 Stealth
 + Level 3.8 Shields


You had 5 spell levels left.
You didn't know any spells.
Your spell library contained the following spells:

 Spells                   Type           Power      Damage    Failure   Level
 Animate Skeleton         Necr           0%         N/A       75%         1
 Pain                     Necr           0%         1d4       75%         1
 Sandblast                Erth           0%         2d4       75%         1
 Passwall                 Tmut/Erth      0%         N/A       87%         2
 Stone Arrow              Conj/Erth      0%         3d7       98%         3
 Vampiric Draining        Necr           0%         2d6       98%         3


Dungeon Overview and Level Annotations

Branches:
Dungeon (5/15)
 Temple: D:4-7

Altars:
Kikubaaqudgha
Ru
Zin
The Shining One


Innate Abilities, Weirdness & Mutations

You are immune to sickness and miasma.
Your stone body is resilient. (AC +4)
You are immune to poison.
You resist negative energy. (rN+)
You are resistant to electric shocks. (rElec)
You are resistant to unholy torment.
You are immune to petrification.


Message History

The gnoll sergeant hits you with a +0 spear of distortion.
Space warps around you.
There is a stone staircase leading down here.
The gnoll sergeant hits you with a +0 spear of distortion.
Space warps around you.
You climb downwards.
There is a stone staircase leading up here.
You hit the gnoll sergeant but do no damage.
The gnoll sergeant hits you with a +0 spear of distortion.
You hit the gnoll sergeant but do no damage.
The gnoll sergeant hits you but does no damage.
Space warps horribly around you! The gnoll sergeant barely misses you.
You slash the gnoll sergeant!
The gnoll sergeant is moderately wounded.
The gnoll sergeant barely misses you.
You closely miss the gnoll sergeant.
The gnoll sergeant is moderately wounded.
You block the gnoll sergeant's attack.
You barely miss the gnoll sergeant.
The gnoll sergeant is moderately wounded.
The gnoll sergeant hits you with a +0 spear of distortion!
Space warps around you.
* * * LOW HITPOINT WARNING * * *
The gnoll sergeant barely misses you.
You completely miss the gnoll sergeant.
The gnoll sergeant is moderately wounded.
The gnoll sergeant closely misses you.
You hit the gnoll sergeant but do no damage.
The gnoll sergeant is moderately wounded.
The gnoll sergeant hits you with a +0 spear of distortion.
* * * LOW HITPOINT WARNING * * *
Space warps around you.
* * * LOW HITPOINT WARNING * * *
You barely miss the gnoll sergeant.
The gnoll sergeant is moderately wounded.
You block the gnoll sergeant's attack. x2
You hit the gnoll sergeant.
The gnoll sergeant is moderately wounded.
The gnoll sergeant hits you with a +0 spear of distortion.
You die...

.# . .# ..#####.#
########
......###.......
...............
#.... ......
#..####.....
#...@...#
#...g...#
#.)....<# #
#....#..#
#.##..#.#..#
#.....#....#
#.....#...........
#.....#....###.###
#.....#....#


You could see a gnoll sergeant.

Vanquished Creatures
  An ogre (D:5)
  A phantom (D:5)
  A centaur (D:3)
  An adder (D:2)
  5 gnolls
  2 worms (D:2)
  2 dart slugs
  An orc (D:3)
  5 endoplasms
  A giant cockroach (D:3)
  8 goblins
  5 hobgoblins
  4 jackals (D:1)
  3 quokkas
  2 ball pythons
  2 bats (D:1)
  2 frilled lizards (D:1)
  7 kobolds
  A rat (D:1)
54 creatures vanquished.

Notes
Turn   | Place    | Note
-------+----------+-------------------------------------------
     0 | D:1      | bande the Gargoyle Fighter began the quest for the Orb.
     0 | D:1      | Reached XP level 1. HP: 14/14 MP: 1/1
   200 | D:1      | Reached XP level 2. HP: 19/19 MP: 2/2
   606 | D:1      | Reached XP level 3. HP: 13/24 MP: 3/3
  1244 | D:2      | Found an ancient bone altar of Kikubaaqudgha.
  1774 | D:1      | Reached XP level 4. HP: 22/29 MP: 4/4
  1782 | D:1      | Reached skill level 4 in Armour
  2486 | D:2      | Found a faded altar of an unknown god.
  2969 | D:3      | Found a sacrificial altar of Ru.
  3018 | D:3      | Noticed a centaur
  3025 | D:3      | Killed a centaur
  3026 | D:3      | Reached XP level 5. HP: 29/33 MP: 5/5
  3359 | D:3      | Found a glowing silver altar of Zin.
  3888 | D:4      | Found a glowing golden altar of the Shining One.
  3893 | D:4      | Noticed an angel
  3903 | D:5      | Entered Level 5 of the Dungeon
  4128 | D:5      | Noticed an ogre
  4136 | D:5      | Noticed a phantom
  4138 | D:5      | Killed an ogre
  4139 | D:5      | Reached XP level 6. HP: 26/39 MP: 6/6
  4162 | D:5      | Reached skill level 5 in Armour
  4301 | D:5      | Slain by a gnoll sergeant

Illustrated notes

Levels and vault maps discovered:
D:1:      sevenhm_arrival_forest_fort_small_3, layout_loops_ring,
          chequers_serial_rivers_small_3
D:2:      layout_basic, shapermc_ecumenical_altar_hornbeckon, basic_altar,
          minmay_misc_feat_ornament, st_stairs_2
D:3:      layout_basic, mainiacjoe_overflow_tiny_flanked,
          mainiacjoe_overflow_alcove_4
D:4:      layout_basic, grunt_temple_overflow_holy_war, minitemple,
          minmay_temple_entry_antechambers, uniq_sigmund
D:5:      corexii_shantytown, layout_basic, nicolae_overflow_hidden_temple,
          tgw_fedhas, uniq_pikel

Skill      XL: |  1  2  3  4  5  6 |
---------------+-------------------+-----
Axes           | 2 3 4 |  4.2
Fighting       | 4 |  4.4
Armour         | 4 5 |  5.1
Stealth        | |  0.2
Shields        | |  3.8

Action                   |  1- 3 |  4- 6 || total
-------------------------+-------+-------++-------
Melee: War axe           |    85 |   100 ||   185
  Use: Scroll            |     5 |     2 ||     7
Armor: Scale mail        |    56 |    48 ||   104
Dodge: Dodged            |    30 |    44 ||    74
Block: Buckler           |    14 |    14 ||    28

Table legend: (Time is in decaauts)
 A = Elapsed time spent in this place.
 B = Non-inter-level travel time spent in this place.
 C = Inter-level travel time spent in this place.
 D = Time resting spent in this place.
 E = Time spent auto-exploring this place.
 F = Levels seen in this place.
 G = Mean time per level.
                   A        B        C        D        E       F      G
               +--------+--------+--------+--------+--------+-----+--------+
         Total |   4386 |   4213 |    173 |   1094 |   2338 |   5 |  877.2 |
       Dungeon |   4386 |   4213 |    173 |   1094 |   2338 |   5 |  877.2 |
               +--------+--------+--------+--------+--------+-----+--------+

Top non-repeatable levels by time:
     D:1: 1520 daAuts
     D:2: 1378 daAuts
     D:3: 1009 daAuts
     D:5: 407 daAuts
     D:4: 70 daAuts
